Map: New Repugnancy LE

Players

DEVDAR

  • Race: Protoss Protoss
  • League: Diamond
  • Spawn Location: 1:00

MaulerX - Winner!

  • Race: Protoss Protoss
  • League: Diamond
  • Spawn Location: 7:00

VOD

Have the link to the VOD?

Description

Time

  • Played on: Aug. 12, 2019, 6:07 p.m.
  • Length: 12:01
Show
View Real Time Build Order
Export as new Build Order

DEVDAR Protoss 

Build Orders:  

Get SALT Encoding   

  12  0:02  Probe  
  13  0:14  Probe  
  14  0:22  Probe, Pylon  
  15  0:37  Probe  
  16  0:44  Gateway  
  16  0:47  Assimilator  
  16  0:49  Probe  
  17  1:03  Assimilator  
  18  1:06  Probe  
  18  1:08  Gateway  
  18  1:14  Probe  
  19  1:25  Probe  
  20  1:37  Probe  
  21  1:40  Cybernetics Core  
  21  1:49  Probe  
  22  2:01  Warp Gate  
  22  2:04  Pylon  
  23  2:15  Nexus  
  22  2:25  Stalker  
  22  2:28  Probe  
  25  2:40  Probe  
  25  2:43  Stalker  
  28  2:52  Probe  
  29  3:10  Pylon  
  29  3:20  Pylon  
  29  3:23  Probe  
  34  3:29  Probe  
  34  3:31  Probe  
  35  3:39  Shield Battery  
  35  3:41  Probe, Shield Battery  
  33  3:52  Stalker x2  
  33  4:03  Shield Battery  
  33  4:09  Pylon  
  33  4:18  Stalker x2  
  37  4:30  Probe  
  37  4:34  Probe  
  39  4:38  Probe  
  39  4:40  Robotics Facility  
  39  4:42  Gateway, Sentry x2  
  44  4:46  Probe  
  44  4:47  Probe  
  46  4:57  Probe  
  46  4:59  Probe  
  48  5:09  Probe  
  48  5:10  Forge  
  48  5:11  Probe  
  50  5:17  Twilight Council  
  50  5:19  Probe  
  50  5:21  Probe  
  51  5:23  Pylon  
  51  5:27  Probe  
  53  5:28  Observer  
  53  5:32  Protoss Ground Weapons Level 1  
  53  5:33  Probe  
  55  5:37  Probe  
  55  5:39  Assimilator  
  56  5:45  Probe  
  56  5:47  Assimilator  
  56  5:49  Probe, Stalker  
  60  5:50  Stalker  
  60  5:53  Observer  
  63  5:57  Probe  
  63  6:01  Probe  
  65  6:09  Probe  
  66  6:13  Probe  
  67  6:20  Stargate, Observer  
  67  6:24  Pylon  
  68  6:26  Probe, Pylon  
  69  6:47  Photon Cannon  
  69  6:49  Nexus  
  69  6:50  Photon Cannon  
  69  6:54  Probe  
  69  6:55  Probe, Photon Cannon  
  69  6:58  Pylon  
  71  7:15  Templar Archives  
  71  7:18  Observer  
  71  7:21  Protoss Ground Armor Level 1, Robotics Bay  
  72  7:24  Probe  
  72  7:25  Probe  
  74  7:32  Photon Cannon  
  74  7:39  Probe x2  
  74  7:40  Observer, Pylon  
  77  7:44  Charge  
  77  7:46  Pylon  
  77  7:47  Phoenix  
  79  7:56  Probe x2  
  81  8:01  Observer  
  82  8:07  Probe  
  82  8:09  Shield Battery  
  82  8:10  Probe, Photon Cannon  
  84  8:15  Pylon  
  84  8:26  High Templar x2  
  88  8:27  Probe, Zealot  
  88  8:29  Probe  
  88  8:30  Gravitic Boosters  
  92  8:37  Gateway  
  92  8:39  Gateway  
  92  8:41  Gateway  
  92  8:44  Gateway  
  92  8:47  Gateway  
  92  8:48  Archon  
  92  8:50  Gateway, High Templar  
  92  8:51  Probe  
  95  8:56  Pylon  
  95  8:58  Pylon  
  95  8:59  Probe x2, Photon Cannon  
  97  9:10  Fleet Beacon  
  97  9:13  Assimilator  
  97  9:17  Probe, Assimilator  
  98  9:26  Pylon  
  98  9:31  Oracle  
  98  9:34  Pylon  
  101  9:43  Pylon  
  101  9:47  Colossus  
  101  9:50  Probe  
  108  9:54  Colossus  
  108  9:58  Gateway  
  108  10:00  Gateway  
  108  10:05  Stargate  
  108  10:06  Pylon  
  108  10:10  Shield Battery  
  108  10:13  Shield Battery  
  107  10:15  Shield Battery  
  107  10:16  High Templar  
  107  10:17  Zealot x3  
  107  10:18  Zealot x2  
  119  10:36  Archon  
  119  10:38  Shield Battery  
  119  10:42  Zealot x5, Shield Battery  
  128  10:49  Pylon  
  127  11:00  Stalker  
  123  11:08  Zealot x3  
  127  11:19  Sentry x2  
  131  11:37  Zealot x5  
  126  11:46  High Templar x2  
  100  11:48  Zealot x4  
  78  11:54  Archon  
Show
View Real Time Build Order
Export as new Build Order

MaulerX Protoss - Winner!

Build Orders: Archon Immortal 

Get SALT Encoding   

  12  0:00  Probe  
  13  0:14  Probe  
  13  0:21  Pylon  
  14  0:34  Probe  
  15  0:42  Probe  
  15  0:45  Gateway  
  15  0:48  Assimilator  
  16  0:50  Probe  
  17  1:03  Probe  
  18  1:16  Assimilator  
  18  1:20  Probe  
  19  1:28  Probe  
  19  1:29  Gateway  
  20  1:33  Cybernetics Core  
  20  1:38  Pylon  
  20  1:39  Probe  
  21  1:51  Probe  
  22  2:01  Warp Gate  
  22  2:03  Probe  
  23  2:11  Stalker  
  23  2:15  Probe  
  26  2:17  Stalker  
  28  2:28  Pylon  
  28  2:29  Probe  
  29  2:41  Probe  
  30  2:50  Stalker  
  30  2:51  Stalker  
  34  2:56  Probe  
  34  3:05  Pylon  
  34  3:08  Probe  
  35  3:25  Nexus  
  35  3:39  Probe  
  36  3:48  Robotics Facility  
  36  3:52  Probe  
  35  4:19  Stalker x2  
  35  4:23  Probe, Pylon  
  39  4:35  Probe  
  39  4:36  Observer  
  39  4:37  Probe  
  42  4:43  Stalker x2  
  46  4:47  Probe x2  
  46  4:50  Twilight Council  
  48  4:54  Forge  
  48  4:55  Probe x2  
  48  4:57  Immortal  
  50  5:06  Probe  
  50  5:09  Probe  
  56  5:18  Probe  
  56  5:20  Assimilator  
  57  5:23  Assimilator  
  57  5:27  Stalker  
  59  5:28  Stalker  
  61  5:36  Probe x2  
  61  5:42  Charge, Immortal, Protoss Ground Weapons Level 1  
  67  5:46  Pylon  
  67  5:59  Probe  
  67  6:00  Probe  
  69  6:08  Gateway  
  68  6:11  Probe  
  68  6:13  Gateway  
  68  6:16  Pylon  
  69  6:19  Probe  
  69  6:23  Probe  
  71  6:31  Templar Archives  
  71  6:32  Probe, Observer  
  72  6:36  Probe  
  74  6:48  Probe x2  
  74  6:53  Stalker x2  
  80  7:00  Probe  
  81  7:05  Zealot, Pylon  
  81  7:07  Zealot  
  85  7:10  Pylon  
  85  7:22  Nexus  
  85  7:24  Gateway  
  85  7:25  Pylon  
  85  7:27  Zealot x2  
  85  7:28  Zealot  
  91  7:32  Pylon  
  91  7:33  Protoss Ground Weapons Level 2  
  91  7:50  Zealot  
  91  7:51  Zealot x3  
  99  8:01  Assimilator  
  99  8:07  Assimilator  
  99  8:13  Shield Battery x2  
  99  8:16  Shield Battery  
  99  8:17  High Templar x2, Pylon  
  99  8:18  High Templar x2  
  107  8:21  Archon  
  107  8:22  Archon  
  107  8:26  Probe x2  
  109  8:27  Immortal  
  109  8:33  Psionic Storm  
  109  8:41  High Templar  
  115  8:54  Gateway x2  
  115  9:02  High Templar x4  
  121  9:06  Archon x2  
  123  9:18  Probe x2  
  123  9:19  Probe  
  123  9:21  Immortal  
  123  9:23  Zealot  
  132  9:27  Pylon  
  132  9:30  Photon Cannon  
  132  9:36  Photon Cannon  
  132  9:39  Pylon  
  132  9:42  Photon Cannon x2  
  132  9:45  Photon Cannon  
  132  9:47  High Templar x4  
  132  9:51  Archon x2  
  140  9:52  Zealot  
  140  9:56  Pylon  
  142  10:01  Photon Cannon  
  142  10:08  Immortal  
  142  10:13  Zealot x3  
  152  10:30  Gateway  
  152  10:37  Stalker x3  
  155  11:05  Immortal  
  155  11:16  Zealot x4  
  155  11:17  Zealot  
  151  11:43  Nexus  
  151  11:45  Assimilator  
  137  11:49  Assimilator  
  137  11:51  Pylon  
  137  11:53  Zealot x5  
  137  11:54  Zealot x3, Pylon  
Tags
 
Add a new tag
Caveats
  • Supply blocks, unpowered buildings, or Contaminate may cause inaccurate times.
  • Supply counts are checked every 10 seconds.